 Dungeon Crawl Stone Soup version 0.22-a0-362-g535178c (webtiles) character file.

18029 Amnesiac the Reanimator (level 12, -7/88 HPs)
             Began as a Mummy Necromancer on Apr 20, 2018.
             Was an Elder of Sif Muna.
             Mangled by a sixfirhy (10 damage)
             ... summoned by an orc high priest
             ... on level 2 of the Orcish Mines.
             The game lasted 00:29:20 (16877 turns).

Amnesiac the Reanimator (Mummy Necromancer)        Turns: 16877, Time: 00:29:21

Health: -7/88      AC: 10    Str: 12    XL:     12   Next: 24%
Magic:  4/26       EV: 16    Int: 17    God:    Sif Muna [****..]
Gold:   952        SH:  6    Dex: 12    Spells: 6/32 levels left

rFire    + + .     SeeInvis +   a - +3 spear (pain)
rCold    + . .     Gourm    .   l - +1 buckler
rNeg     + + +     Faith    .   F - +2 robe {rF+}
rPois    ∞         Spirit   .   E - +2 hat
rElec    .         Reflect  .   o - +0 cloak
rCorr    .         Harm     .   (no gloves)
MR       +....                  x - +2 pair of boots
Stlth    ++........             (no amulet)
HPRegen  0.24/turn              h - ring "Waucec" {rF++ rN+++ Int-2 SInv}
MPRegen  0.20/turn              C - ring of wizardry

@: divine energy
A: no food or potions, fire vulnerability, cold resistance 1, negative energy
resistance 3, torment resistance, unbreathing
a: Stop Divine Energy, Channel Magic, Forget Spell, Renounce Religion


You were on level 2 of the Orcish Mines.
You worshipped Sif Muna.
Sif Muna was greatly pleased with you.
You were not hungry.

You visited 3 branches of the dungeon, and saw 13 of its levels.
You also visited: Ossuary.

You collected 952 gold pieces.

Inventory:

Hand Weapons
 a - a +3 spear of pain (weapon)
 b - a +4 dagger of draining
 p - a +0 broad axe
Missiles
 i - 53 sling bullets
 m - 204 stones (quivered)
Armour
 f - a +0 helmet
 l - a +1 buckler (worn)
 o - a +0 cloak (worn)
 x - a +2 pair of boots (worn)
 A - +0 steam dragon scales
 E - a +2 hat (worn)
 F - a +2 robe of fire resistance (worn)
Magical Staves
 q - an uncursed staff of wizardry
Jewellery
 h - the ring "Waucec" (left hand) {rF++ rN+++ Int-2 SInv}
   (You found it on level 4 of the Dungeon)

   [ring of see invisible]

   It affects your intelligence (-2).
   It greatly protects you from fire.
   It renders you almost immune to negative energy.
   It lets you see invisible.
 s - a +2 ring of protection
 C - a ring of wizardry (right hand)
Wands
 j - a wand of paralysis (5)
 k - a wand of disintegration (11)
 D - a wand of polymorph (9)
Scrolls
 c - 4 scrolls of identify {!r}
 d - 6 scrolls of remove curse {!r}
 e - 4 scrolls of teleportation {!r}
 g - 4 scrolls of magic mapping {!r}
 n - a scroll of enchant weapon {!r}
 r - a scroll of noise {!r, unknown}
 t - a scroll of immolation {!r, unknown}
 u - 2 scrolls of enchant armour {!r}
 v - a scroll of fog {!r}
 w - 2 scrolls of amnesia {!r, unknown}
 y - a scroll of summoning {!r, unknown}
 z - a scroll of brand weapon {!r, unknown}
 B - a scroll of blinking {!r, unknown}


   Skills:
 - Level 6.0 Fighting
 - Level 7.5 Dodging
 - Level 1.5 Stealth
 - Level 7.5 Shields
 + Level 10.8 Spellcasting
 * Level 12.0 Necromancy
 + Level 3.1 Invocations


You had 6 spell levels left.
You knew the following spells:

 Your Spells              Type           Power        Failure   Level  Hunger
a - Agony                 Necr           #####...     1%          5    N/A
b - Call Imp              Summ           #.......     4%          2    N/A
c - Pain                  Necr           ####         1%          1    N/A
d - Borgnjor's Vile Clut  Necr/Erth      ####......   8%          5    N/A
e - Vampiric Draining     Necr           #####.....   1%          3    N/A
f - Dispel Undead         Necr           #####...     1%          5    N/A
s - Conjure Flame         Conj/Fire      #.......     10%         3    N/A
v - Blink                 Tloc           N/A          4%          2    N/A

Dungeon Overview and Level Annotations

Branches:
Dungeon (10/15)            Temple (1/1) D:5            Lair (0/6) D:8
    Orc (2/2) D:10            Elf (0/3) Orc:2

Altars:
Ashenzari
Cheibriados
Dithmenos
Elyvilon
Fedhas
Gozag
Hepliaklqana
Kikubaaqudgha
Makhleb
Nemelex Xobeh
Okawaru
Qazlal
Ru
Sif Muna
Trog
Uskayaw
Vehumet
Wu Jian
Xom
Yredelemnul
Zin
The Shining One

Shops:
D:9 =

Annotations:
Orc:1 exclusion: downstairs


Innate Abilities, Weirdness & Mutations

You do not eat or drink.
Your flesh is vulnerable to fire.
You are immune to poison.
Your flesh is cold resistant. (rC+)
You are immune to negative energy. (rN+++)
You are immune to unholy pain and torment.
You can survive without breathing.


Message History

Press: ? - help, Dir - move target cursor, f - sixfirhy
Aim: a sixfirhy (summoned)
You reach to attack!
You miss the sixfirhy.
The orc high priest shouts!
You hear a shout!
You puncture the orc priest!
The orc priest writhes in agony.
The orc priest is almost dead.
The orc priest hits you with a hand axe.
The orc high priest invokes the aid of Beogh against you.
Beogh smites you!
Casting: Vampiric Draining (safe; 1% risk of failure)
Confirm with . or Enter, or press ? or * to list all spells.
Aiming: Vampiric Draining (safe; 1% risk of failure)
Press: ? - help, Shift-Dir - straight line, f/p - sixfirhy
Aim: a sixfirhy (summoned)
You can't drain life from that!
You hit the orc priest.
You kill the orc priest!
Sif Muna accepts your kill. You block the sixfirhy's attack.
The sixfirhy misses you. x2
The sixfirhy hits you but does no damage.
Casting: Vampiric Draining (safe; 1% risk of failure)
Confirm with . or Enter, or press ? or * to list all spells.
Aiming: Vampiric Draining (safe; 1% risk of failure)
Press: ? - help, Shift-Dir - straight line, f/p - sixfirhy
Aim: a sixfirhy (summoned)
You can't drain life from that!
You block the sixfirhy's attack.
Evoke which item? (* to show all) (? for menu, Esc to quit)
Aiming: Paralyse
Press: ? - help, Shift-Dir - straight line, f/p - sixfirhy
Aim: a sixfirhy (summoned, chance to defeat MR: 15%)
The sixfirhy resists with almost no effort.
The sixfirhy barely misses you. The sixfirhy misses you. The sixfirhy hits you!
* * * LOW HITPOINT WARNING * * *
The sixfirhy shocks you!
* * * LOW HITPOINT WARNING * * *
The orc high priest utters an invocation to Beogh.
The sixfirhy closely misses you.
Things that are here:
a dagger; a leather armour The sixfirhy misses you.
The smoke demon gestures at you. Beogh smites you!
* * * LOW HITPOINT WARNING * * *
Things that are here:
a dagger; a robe Really read
n - 2 scrolls labeled XIEVEI MERAWI {!r}?
As you read the scroll labeled XIEVEI MERAWI {!r}, it crumbles to dust.
It is a scroll of enchant weapon.
Your +2 spear of pain glows red for a moment.
The orange demon misses you.
The orc high priest mumbles some strange prayers to Beogh against you.
Beogh smites you!
* * * LOW HITPOINT WARNING * * *
Really read
v - 2 scrolls labeled FUNULL IDIREG {!r}?
As you read the scroll labeled FUNULL IDIREG {!r}, it crumbles to dust.
The scroll dissolves into smoke.
It was a scroll of fog {!r}.
You block the sixfirhy's attack.
The sixfirhy hits you but does no damage.
The sixfirhy hits you.
* * * LOW HITPOINT WARNING * * *
The sixfirhy shocks you!
You die...

############### #####
##.##.#...#.##.###...###
###...............#.....#.
##.........................
#..................#.......
##.........................
##..##.§§§§§.......^......
####..)3§§...............
##.#.)#@§§..............
#....4###§..............
##.#o####...............
###o##.##..............
#.3).4.#...[[.........
##o........<..........
##o.......#..........
##................<...
##(.........#..........


You could see a sixfirhy.

Vanquished Creatures
  Gastronok (D:9)
  An ettin (Orc:2)
  Erolcha (D:10)
  A centaur warrior (D:8)
  4 two-headed ogres
  An orc high priest (D:10)
  An unseen horror (D:10)
  2 orc knights
  4 orc sorcerers
  3 centaur zombies
  2 trolls
  2 hippogriffs (D:8)
  4 hornets
  A hungry ghost (D:9)
  A steam dragon (D:9)
  2 wargs
  A water moccasin (D:9)
  A black bear (D:7)
  3 sky beasts
  13 orc warriors
  An elf zombie (D:10)
  A necrophage (D:10)
  3 phantoms
  3 ice beasts
  8 ogres
  3 centaurs
  A hippogriff zombie (D:9)
  A big kobold (D:7)
  3 bullfrogs
  A wyvern zombie (D:9)
  2 cyclops zombies
  A water moccasin zombie (D:9)
  2 elf skeletons (D:7)
  A cyclops skeleton (D:10)
  4 scorpions
  2 troll zombies
  3 killer bees (D:7)
  A troll skeleton (D:10)
  A crimson imp (D:10)
  2 howler monkeys
  4 bullfrog zombies
  3 human zombies
  A quasit (D:10)
  2 hounds
  A gnoll shaman (D:6)
  18 orc priests
  Crazy Yiuf (D:7)
  A bullfrog skeleton (D:7)
  2 jellies
  18 orc wizards
  A human skeleton (D:7)
  An iguana (D:9)
  A statue (D:7)
  10 worker ants
  A killer bee zombie (D:9)
  A big kobold zombie (Ossuary)
  A hound zombie (D:9)
  A hound skeleton (D:6)
  A mummy (Ossuary)
  2 worker ant zombies (D:9)
  5 gnolls
  8 adders
  A shadow imp (D:7)
  2 adder skeletons
  3 adder zombies
  A gnoll skeleton (D:10)
  2 worms
  A dart slug (D:2)
  7 leopard geckos
  82 orcs
  8 giant cockroaches
  5 goblins
  4 hobgoblins
  12 jackals
  8 kobolds
  2 quokkas
  3 bats
  2 frilled lizards
  2 frilled lizard zombies
  A giant cockroach zombie (D:10)
  2 goblin zombies (Ossuary)
  10 hobgoblin zombies
  A jackal skeleton (D:4)
  3 kobold skeletons
  10 kobold zombies (Ossuary)
  8 orc skeletons
  14 orc zombies
  A quokka skeleton (D:6)
  4 rats
  2 rat zombies (D:9)
378 creatures vanquished.

Vanquished Creatures (collateral kills)
  An ogre (D:7)
  A centaur zombie (D:7)
  A mummy (Ossuary)
  An orc zombie (Ossuary)
4 creatures vanquished.

Vanquished Creatures (others)
  An orc priest (Orc:2)
1 creature vanquished.

Grand Total: 383 creatures vanquished

Notes
Turn   | Place    | Note
-------+----------+-------------------------------------------
     0 | D:1      | Amnesiac the Mummy Necromancer began the quest for the Orb.
     0 | D:1      | Reached XP level 1. HP: 13/13 MP: 4/4
   225 | D:2      | Reached XP level 2. HP: 19/19 MP: 0/6
   231 | D:2      | Learned a level 2 spell: Blink
   234 | D:2      | Learned a level 2 spell: Call Imp
   361 | D:4      | Noticed a howler monkey
   368 | D:4      | Killed a howler monkey
   368 | D:4      | Reached skill level 5 in Necromancy
   368 | D:4      | Reached XP level 3. HP: 17/24 MP: 1/7
   409 | D:4      | Noticed an ogre
   476 | D:4      | Learned a level 3 spell: Vampiric Draining
   590 | D:4      | Got a faintly glowing granite ring
   710 | D:4      | Killed an ogre
   710 | D:4      | Reached skill level 6 in Necromancy
   710 | D:4      | Reached XP level 4. HP: 30/30 MP: 0/8
   836 | D:4      | Reached XP level 5. HP: 32/36 MP: 0/9
   982 | D:5      | Entered Level 5 of the Dungeon
  1030 | D:6      | Identified the ring "Waucec" {rF++ rN+++ Int-2 SInv} (You found it on level 4 of the Dungeon)
  1072 | D:7      | Found a shattered altar of Ashenzari.
  1126 | D:7      | Found a radiant altar of Vehumet.
  1139 | D:7      | Reached skill level 1 in Shields
  1153 | D:7      | Noticed an ogre
  1191 | D:7      | Killed an ogre
  1191 | D:7      | Reached XP level 6. HP: 27/42 MP: 0/10
  1291 | D:7      | Learned a level 3 spell: Conjure Flame
  1474 | D:7      | Noticed a sky beast
  1485 | D:7      | Killed a sky beast
  1525 | D:7      | Reached XP level 7. HP: 32/47 MP: 0/11
  1593 | D:7      | Found a sand-covered staircase.
  1608 | Ossuary  | Entered an ossuary
  2017 | Ossuary  | Reached skill level 1 in Fighting
  2752 | D:7      | Found a stormy altar of Qazlal.
  2763 | D:7      | Reached XP level 8. HP: 28/57 MP: 0/14
  3348 | D:7      | Reached skill level 5 in Spellcasting
  3938 | D:5      | Found a staircase to the Ecumenical Temple.
  3947 | Temple   | Entered the Ecumenical Temple
  3957 | Temple   | Became a worshipper of Kikubaaqudgha
  4688 | D:2      | Found a sparkling altar of Nemelex Xobeh.
  5168 | D:2      | Found a burning altar of Makhleb.
  5182 | D:2      | Reached * piety under Kikubaaqudgha
  5182 | D:2      | Identified Kikubaaqudgha's Disquisition on Necromancy (Kikubaaqudgha gifted it to you on level 2 of the Dungeon)
  5182 | D:2      | Received a gift from Kikubaaqudgha
  5564 | D:3      | Reached skill level 5 in Dodging
  5642 | D:3      | Reached skill level 5 in Shields
  6712 | D:5      | Found a blossoming altar of Fedhas.
  6986 | D:5      | Found a hide-covered altar of Uskayaw.
  7201 | D:5      | Found a hazy altar of Hepliaklqana.
  7202 | D:5      | Found an ornate altar of the Wu Jian Council.
  7230 | D:5      | Reached XP level 9. HP: 65/65 MP: 16/18
  7523 | D:6      | Reached ** piety under Kikubaaqudgha
  7664 | D:6      | Found a snail-covered altar of Cheibriados.
  7664 | D:6      | Found a basalt altar of Yredelemnul.
  8230 | D:7      | Found a runed door.
  8234 | D:7      | Noticed Crazy Yiuf
  8241 | D:7      | Killed Crazy Yiuf
  8327 | D:8      | Found a deep blue altar of Sif Muna.
  8397 | D:8      | Identified Sif Muna's Papyrus of Transformation
  8617 | D:8      | Reached skill level 5 in Fighting
  8646 | D:8      | Found a staircase to the Lair.
  8742 | D:8      | Noticed a two-headed ogre
  8753 | D:8      | Killed a two-headed ogre
  8807 | D:8      | Reached XP level 10. HP: 28/74 MP: 1/19
  9065 | D:9      | Noticed a centaur warrior
  9093 | D:8      | Killed a centaur warrior
  9259 | D:9      | Reached *** piety under Kikubaaqudgha
  9259 | D:9      | Identified Kikubaaqudgha's Almanac of Sinister Rituals (Kikubaaqudgha gifted it to you on level 9 of the Dungeon)
  9259 | D:9      | Received a gift from Kikubaaqudgha
  9263 | D:8      | Fell from the grace of Kikubaaqudgha
  9271 | D:8      | Learned a level 5 spell: Dispel Undead
  9277 | D:8      | Learned a level 5 spell: Borgnjor's Vile Clutch
  9280 | D:8      | Became a worshipper of Sif Muna the Loreminder
  9304 | D:9      | Noticed a soul eater
  9804 | D:9      | Noticed a two-headed ogre
  9835 | D:8      | Killed a two-headed ogre
 10154 | D:9      | Reached skill level 7 in Necromancy
 10382 | D:9      | Found a glowing golden altar of the Shining One.
 10396 | D:9      | Reached * piety under Sif Muna
 10571 | D:9      | Found Fiabb's Jewellery Boutique.
 10621 | D:9      | Reached skill level 8 in Necromancy
 11143 | D:9      | Noticed Gastronok
 11487 | D:10     | Entered Level 10 of the Dungeon
 11557 | D:10     | Noticed an unseen horror
 11569 | D:10     | Killed an unseen horror
 11569 | D:10     | Reached XP level 11. HP: 71/81 MP: 6/22
 12041 | D:10     | Noticed Erolcha
 12054 | D:10     | Learned a level 5 spell: Agony
 12094 | D:10     | Noticed a reaper
 12161 | D:9      | Noticed a soul eater
 12170 | D:10     | Killed Erolcha
 12170 | D:10     | Reached skill level 9 in Necromancy
 12362 | D:10     | Noticed a reaper
 12501 | D:9      | Killed Gastronok
 12501 | D:9      | Reached ** piety under Sif Muna
 12674 | D:9      | Noticed a reaper
 12804 | D:9      | Noticed a soul eater
 13083 | D:10     | Found a staircase to the Orcish Mines.
 13433 | D:10     | Found a snail-covered altar of Cheibriados.
 14507 | D:10     | Noticed a two-headed ogre
 14519 | D:10     | Killed a two-headed ogre
 14519 | D:10     | Reached skill level 10 in Necromancy
 14595 | D:10     | Was forgiven by Kikubaaqudgha
 15305 | Orc:1    | Entered Level 1 of the Orcish Mines
 15308 | Orc:1    | Noticed an orc sorcerer
 15326 | Orc:1    | Paralysed by an orc sorcerer for 4 turns
 15333 | Orc:1    | Killed an orc sorcerer
 15394 | Orc:1    | Noticed an orc high priest
 15564 | D:10     | Killed an orc high priest
 15620 | Orc:1    | Noticed an orc knight
 15714 | D:10     | Killed an orc knight
 15714 | D:10     | Reached *** piety under Sif Muna
 15837 | Orc:1    | Reached skill level 11 in Necromancy
 15853 | Orc:1    | Reached skill level 10 in Spellcasting
 16138 | Orc:2    | Entered Level 2 of the Orcish Mines
 16160 | Orc:1    | Reached skill level 1 in Invocations
 16312 | Orc:2    | Noticed an ettin
 16369 | Orc:2    | Noticed an orc sorcerer
 16384 | Orc:2    | Killed an orc sorcerer
 16405 | Orc:2    | Killed an ettin
 16405 | Orc:2    | Reached XP level 12. HP: 53/88 MP: 7/26
 16494 | Orc:2    | Found a staircase to the Elven Halls.
 16509 | Orc:2    | Noticed a two-headed ogre
 16530 | Orc:2    | Killed a two-headed ogre
 16781 | Orc:2    | Reached **** piety under Sif Muna
 16865 | Orc:2    | Reached skill level 12 in Necromancy
 16866 | Orc:2    | Noticed an orc high priest
 16867 | Orc:2    | Noticed an orc high priest
 16877 | Orc:2    | HP: 3/88 [sixfirhy[an orc high priest] (5)]
 16877 | Orc:2    | Mangled by a sixfirhy

Vault maps used:
D:1:      grunt_arrival_crossed_arrows
D:2:      old_standard_altar, overflow_temple_1_default, st_stairs_12
D:3:      first_ration
D:5:      lemuel_round_altar, gammafunk_temple_overflow_statue, kennysheep_mini,
          minmay_temple_entry_statues_pillars, serial_glass, glass_columns_b,
          glass_columns_a, glass_columns_c, glass_columns_a, glass_columns_a
D:6:      gammafunk_temple_overflow_wave
D:7:      vehumet_statue, marbit_many_paths, nicolae_qazlal_eye_of_the_storm,
          nicolae_ossuary_entry_catacombs, kennysheep_cross_bottleneck,
          uniq_crazy_yiuf_cottage
D:8:      led_sif_book, lair_entry_dummy, hangedman_pestilent_swarm
D:9:      nicolae_overflow_hidden_temple, serial_shops,
          nicolae_shop_statue_plus, uniq_gastronok
D:10:     hiddenorc2_lemuel, stair_cage_cross, cheibriados_altar_1, uniq_erolcha
Temple:   compressed_dpeg_triangle_lava_temple
Orc:2:    st_orc_congregation
Ossuary:  ossuary_tomb_1

Skill      XL: |  1  2  3  4  5  6  7  8  9 10 11 12 |
---------------+-------------------------------------+-----
Spellcasting   | 3 4 6 7 10 | 10.8
Necromancy     | 5 6 8 11 12 | 12.0
Dodging        | 2 3 5 7 |  7.5
Shields        | 2 4 5 6 7 |  7.5
Fighting       | 2 4 5 6 |  6.0
Invocations    | 2 3 |  3.1
Stealth        | |  1.5

Action                   |  1- 3 |  4- 6 |  7- 9 | 10-12 || total
-------------------------+-------+-------+-------+-------++-------
Melee: Unarmed           |     2 |       |       |       ||     2
       Staff             |       |    10 |   181 |       ||   191
       Dagger            |       |       |   389 |   355 ||   744
       Broad axe         |       |       |    13 |       ||    13
       Spear             |       |       |    20 |   213 ||   233
Throw: Stone             |       |       |    61 |       ||    61
 Cast: Pain              |    29 |    49 |    99 |    90 ||   267
       Call Imp          |     3 |     4 |     6 |       ||    13
       Vampiric Draining |       |     3 |    25 |    58 ||    86
       Conjure Flame     |       |       |    13 |     6 ||    19
       Blink             |       |       |     4 |     1 ||     5
       Dispel Undead     |       |       |       |    61 ||    61
       Agony             |       |       |       |    10 ||    10
       Borgnjor's Vile C |       |       |       |    10 ||    10
Invok: Divine Energy     |       |       |       |     1 ||     1
       Renounce Religion |       |       |       |     1 ||     1
Evoke: Wand              |       |     1 |    36 |    10 ||    47
  Use: Scroll            |       |     4 |       |     2 ||     6
 Stab: Paralysed         |       |     5 |     6 |     6 ||    17
       Sleeping          |       |       |     9 |       ||     9
Armor: Robe              |       |     8 |   119 |    79 ||   206
       Steam dragon scal |       |       |       |   126 ||   126
Dodge: Dodged            |     4 |    32 |   381 |   505 ||   922
Block: Buckler           |       |     2 |   179 |   232 ||   413

Table legend:
 A = Spawn XP
 B = Non-spawn XP
 C = Spawn XP percentage of total XP
 D = Spawn monster count
 E = Non-spawn monster count
 F = Spawn count percentage of total count
 G = Total turns spent on level
                    A         B        C        D         E        F      G
               +---------+---------+-------+---------+---------+-------+---------
         Total |       0 |   25756 |   0.0 |       0 |     345 |   0.0 | 16877
               +---------+---------+-------+---------+---------+-------+---------
           D:1 |       0 |      23 |   0.0 |       0 |      14 |   0.0 |   669
           D:2 |       0 |     107 |   0.0 |       0 |      18 |   0.0 |   955
           D:3 |       0 |     164 |   0.0 |       0 |      17 |   0.0 |   847
           D:4 |       0 |     226 |   0.0 |       0 |      10 |   0.0 |  1061
           D:5 |       0 |     370 |   0.0 |       0 |      13 |   0.0 |   883
           D:6 |       0 |     894 |   0.0 |       0 |      35 |   0.0 |  1015
           D:7 |       0 |    1723 |   0.0 |       0 |      36 |   0.0 |  1947
           D:8 |       0 |    4392 |   0.0 |       0 |      15 |   0.0 |  1479
           D:9 |       0 |    4320 |   0.0 |       0 |      31 |   0.0 |  2322
          D:10 |       0 |    5658 |   0.0 |       0 |      53 |   0.0 |  3586
        Temple |       0 |       2 |   0.0 |       0 |       1 |   0.0 |    63
         Orc:1 |       0 |    1838 |   0.0 |       0 |      24 |   0.0 |   662
         Orc:2 |       0 |    5858 |   0.0 |       0 |      39 |   0.0 |   544
       Ossuary |       0 |     181 |   0.0 |       0 |      39 |   0.0 |   844
               +---------+---------+-------+---------+---------+-------+---------
